 Dungeon Sprint DCSS version 0.17-a0-2024-gc284f19 (webtiles) character file.

13297 Ordine the Peltast (level 12, -1/84 HPs)
             Began as a Gargoyle Fighter on Oct 9, 2015.
             Was the Champion of the Shining One.
             Slain by a blue devil (9 damage)
             ... summoned by an orc high priest
             ... in the Dungeon (Sprint IX: "|||||||||||||||||||||||||||||").
             The game lasted 00:13:13 (1685 turns).

Ordine the Peltast (Gargoyle Fighter)               Turns: 1685, Time: 00:13:13

Health: -1/84      AC: 28    Str: 23    XL:     12   Next: 4%
Magic:  0/12       EV: 14    Int: 10    God:    the Shining One [******]
Gold:   1263       SH: 14    Dex: 13    Spells: 0 memorised, 11 levels left

rFire  . . .     SeeInvis .     a - +0 flail
rCold  . . .     Clarity  .     x - +0 plate armour
rNeg   + + +     SustAt   .     c - +0 shield
rPois  ∞         Gourm    .     (no helmet)
rElec  +         Spirit   +     (no cloak)
rCorr  .         Warding  .     p - +0 pair of gloves
rMut   .         NoTele   +     q - +0 pair of boots
MR     .....                    l - amulet of guardian spirit
Stlth  ..........               s - +2 ring of evasion
                                b - +3 ring of strength

@: glowing, not resistant to hostile enchantments, extremely unstealthy
A: negative energy resistance 1, electricity resistance, unbreathing,
petrification resistance, rot immunity, AC +8
a: Divine Shield, Cleansing Flame, Summon Divine Warrior, Brand Weapon With Holy
Wrath, Renounce Religion


You were in the Dungeon.
You worshipped the Shining One.
The Shining One was exalted by your worship.
You were hungry.

You visited 1 branch You collected 1263 gold pieces.

Inventory:

Hand Weapons
 a - a +0 flail (weapon)
Armour
 c - a +0 shield (worn)
 p - a +0 pair of gloves (worn)
 q - a +0 pair of boots (worn)
 x - a +0 plate armour (worn)
Jewellery
 b - a +3 ring of strength (left hand)
 l - an amulet of guardian spirit (around neck)
 s - a +2 ring of evasion (right hand)
Wands
 o - a wand of fire (7)
 w - a wand of digging (13)
Scrolls
 k - 4 scrolls of blinking
 m - 4 scrolls of remove curse
 n - 2 scrolls of amnesia
 u - 2 scrolls of identify
Potions
 i - 4 potions of magic
Comestibles
 e - 13 bread rations
 t - 40 fruits
 v - 12 meat rations


   Skills:
 + Level 13.7 Fighting
 - Level 14.0 Maces & Flails
 + Level 13.5 Armour
 + Level 11.5 Dodging
 - Level 15.4 Shields


You had 11 spell levels left.
You didn't know any spells.

Dungeon Overview and Level Annotations

Branches:
Dungeon (1/1)

Altars:
Cheibriados
Dithmenos
Elyvilon
Fedhas
Gozag
Kikubaaqudgha
Makhleb
Nemelex Xobeh
Okawaru
Qazlal
Ru
Sif Muna
Trog
Vehumet
Xom
Yredelemnul
Zin
The Shining One
Beogh
Jiyva
Lugonu

Shops:
D ([*?


Innate Abilities, Weirdness & Mutations

You are resistant to torment.
Your stone body is resilient (AC +8).
You are immune to poison.
You resist negative energy.
You are resistant to electric shocks.
You can survive without breathing.
You are immune to petrification.
You are immune to rotting.


Message History

The orc high priest is lightly wounded.
You block the blue devil's attack. You block the orc high priest's attack.
You hit the orc high priest but do no damage.
The orc high priest is lightly wounded.
You block the red devil's attack.
You sock the orc high priest!
The orc high priest is heavily wounded.
You block the blue devil's attack.
The orc high priest hits you but does no damage.
You sock the orc high priest!
The orc high priest is heavily wounded.
You block the red devil's attack.
The blue devil hits you but does no damage.
You hit the orc high priest.
The orc high priest is severely wounded.
You block the orc high priest's attack. You block the red devil's attack.
You sock the orc high priest!
The orc high priest is severely wounded.
The blue devil hits you!
You die...

__________'..|(..[..').!...).....
▓▓▓▓▓▓▓▓▓▓▓▓▓▓▓▓▓▓▓▓▓▓▓▓▓▓▓▓▓▓▓▓▓
.................................
▓▓▓▓▓▓▓▓▓▓▓▓▓▓▓▓▓▓▓▓▓▓▓▓▓▓▓▓▓▓▓▓▓
..'.........'..†......).)'..[[[[.
▓▓▓▓▓▓▓▓▓▓▓▓▓▓▓▓▓▓▓▓▓▓▓▓▓▓▓▓▓▓▓▓▓
........)......(.................
▓▓▓▓▓▓▓▓▓▓▓▓▓▓▓▓▓▓▓▓▓▓▓▓▓▓▓▓▓▓▓▓▓
)))).......'))44@o4∩.∩.∩
▓▓▓▓▓▓▓▓▓▓▓▓▓▓▓▓▓▓▓▓▓▓▓▓


You could see an orc high priest, a sixfirhy, a blue devil and a red devil.

Vanquished Creatures
  A dire elephant (D)
  A centaur warrior (D)
  5 orc high priests (D)
  Urug (D)
  2 orc knights (D)
  An orc sorcerer (D)
  A griffon (D)
  A black mamba (D)
  7 elephants (D)
  2 spiny frogs (D)
  Eustachio (D)
  A hippogriff (D)
  A wolf (D)
  A vampire mosquito (D)
  2 yaks (D)
  4 water moccasins (D)
  9 orc warriors (D)
  A phantom (D)
  3 porcupines (D)
  An ogre (D)
  2 crocodiles (D)
  A big kobold (D)
  2 giant frogs (D)
  A killer bee (D)
  A crimson imp (D)
  An iguana (D)
  4 orc priests (D)
  2 hounds (D)
  2 orc wizards (D)
  2 worker ants (D)
  A sheep (D)
  A shadow imp (D)
  A giant gecko (D)
  9 orcs (D)
  A bat zombie (D)
  A goblin (D)
  A hobgoblin (D)
  A giant newt (D)
  A jackal zombie (D)
  A rat (D)
82 creatures vanquished.

Notes
Turn   | Place    | Note
--------------------------------------------------------------
     0 | D        | Ordine the Gargoyle Fighter began the quest for the Orb.
     0 | D        | Reached XP level 1. HP: 14/14 MP: 1/1
    17 | D        | Reached skill level 4 in Maces & Flails
    35 | D        | Noticed a worker ant
    35 | D        | Noticed a worker ant
    35 | D        | Noticed a phantom
    37 | D        | Reached XP level 2. HP: 17/19 MP: 2/2
    45 | D        | Killed a worker ant
    45 | D        | Reached skill level 6 in Maces & Flails
    45 | D        | Reached XP level 3. HP: 16/23 MP: 3/3
    50 | D        | Killed a worker ant
    50 | D        | Reached skill level 7 in Maces & Flails
    63 | D        | Reached XP level 4. HP: 21/28 MP: 4/4
    82 | D        | Killed a phantom
    82 | D        | Reached skill level 10 in Maces & Flails
    82 | D        | Reached XP level 5. HP: 16/32 MP: 5/5
   244 | D        | Found a glowing silver altar of Zin.
   244 | D        | Found a glowing golden altar of the Shining One.
   244 | D        | Found an ancient bone altar of Kikubaaqudgha.
   244 | D        | Found a basalt altar of Yredelemnul.
   244 | D        | Found a shimmering altar of Xom.
   244 | D        | Found a radiant altar of Vehumet.
   245 | D        | Found an iron altar of Okawaru.
   246 | D        | Found a burning altar of Makhleb.
   247 | D        | Found a deep blue altar of Sif Muna.
   248 | D        | Found a bloodstained altar of Trog.
   249 | D        | Found a sparkling altar of Nemelex Xobeh.
   250 | D        | Found a white marble altar of Elyvilon.
   251 | D        | Found a roughly hewn altar of Beogh.
   252 | D        | Found a viscous altar of Jiyva.
   253 | D        | Found a corrupted altar of Lugonu.
   254 | D        | Found a blossoming altar of Fedhas.
   262 | D        | Became a worshipper of the Shining One
   270 | D        | Found a snail-covered altar of Cheibriados.
   271 | D        | Found a shadowy altar of Dithmenos.
   272 | D        | Found a stormy altar of Qazlal.
   273 | D        | Found an opulent altar of Gozag.
   274 | D        | Found a sacrificial altar of Ru.
   326 | D        | Noticed a big kobold
   326 | D        | Noticed a hound
   326 | D        | Acquired the Shining One's first power
   326 | D        | Noticed a killer bee
   326 | D        | Noticed an ogre
   326 | D        | Noticed a yak
   338 | D        | Killed a big kobold
   338 | D        | Reached skill level 11 in Maces & Flails
   339 | D        | Killed a hound
   339 | D        | Reached skill level 12 in Maces & Flails
   339 | D        | Reached XP level 6. HP: 28/37 MP: 6/6
   344 | D        | Killed a killer bee
   344 | D        | Reached skill level 5 in Fighting
   353 | D        | Killed an ogre
   364 | D        | Killed a yak
   364 | D        | Reached XP level 7. HP: 41/52 MP: 7/7
   378 | D        | Noticed a hippogriff
   378 | D        | Acquired the Shining One's second power
   378 | D        | Noticed a giant frog
   378 | D        | Noticed a centaur warrior
   378 | D        | Noticed a crimson imp
   378 | D        | Noticed a hound
   378 | D        | Noticed a vampire mosquito
   383 | D        | Killed a hippogriff
   383 | D        | Reached skill level 10 in Fighting
   390 | D        | Killed a centaur warrior
   390 | D        | Reached skill level 5 in Dodging
   390 | D        | Reached XP level 8. HP: 60/60 MP: 8/8
   392 | D        | Killed a giant frog
   393 | D        | Killed a hound
   401 | D        | Killed a crimson imp
   411 | D        | Killed a vampire mosquito
   592 | D        | Noticed a black mamba
   592 | D        | Noticed a water moccasin
   592 | D        | Acquired the Shining One's third power
   592 | D        | Noticed an iguana
   592 | D        | Noticed a crocodile
   592 | D        | Noticed a porcupine
   592 | D        | Noticed a yak
   604 | D        | Killed a black mamba
   604 | D        | Reached skill level 10 in Armour
   604 | D        | Reached XP level 9. HP: 65/65 MP: 9/9
   611 | D        | Killed a water moccasin
   612 | D        | Noticed a water moccasin
   614 | D        | Noticed a wolf
   614 | D        | Killed an iguana
   616 | D        | Noticed a porcupine
   616 | D        | Acquired the Shining One's fourth power
   623 | D        | Killed a crocodile
   630 | D        | Killed a porcupine
   634 | D        | Killed a yak
   637 | D        | Killed a water moccasin
   640 | D        | Killed a wolf
   641 | D        | Killed a porcupine
   678 | D        | Noticed a crocodile
   678 | D        | Noticed a water moccasin
   678 | D        | Noticed a griffon
   678 | D        | Noticed a spiny frog
   678 | D        | Noticed a spiny frog
   682 | D        | Noticed a water moccasin
   684 | D        | Noticed a porcupine
   695 | D        | Killed a griffon
   695 | D        | Reached skill level 5 in Shields
   697 | D        | Killed a crocodile
   700 | D        | Killed a water moccasin
   701 | D        | Noticed a giant frog
   702 | D        | Killed a spiny frog
   702 | D        | Reached XP level 10. HP: 44/71 MP: 10/10
   707 | D        | Killed a spiny frog
   707 | D        | Reached skill level 10 in Dodging
   712 | D        | Killed a water moccasin
   713 | D        | Killed a porcupine
   717 | D        | Killed a giant frog
   948 | D        | Noticed an elephant
   948 | D        | Noticed an elephant
   948 | D        | Noticed an elephant
   948 | D        | Noticed an elephant
   948 | D        | Noticed a dire elephant
   948 | D        | Noticed an elephant
   951 | D        | Noticed an elephant
   977 | D        | Killed a dire elephant
   978 | D        | Killed an elephant
   979 | D        | Noticed an elephant
   986 | D        | Killed an elephant
   993 | D        | Killed an elephant
   993 | D        | Reached skill level 13 in Shields
  1002 | D        | Killed an elephant
  1007 | D        | Killed an elephant
  1007 | D        | Reached skill level 14 in Shields
  1007 | D        | Reached XP level 11. HP: 74/76 MP: 11/11
  1015 | D        | Killed an elephant
  1022 | D        | Killed an elephant
  1022 | D        | Reached skill level 15 in Shields
  1088 | D        | Noticed Urug
  1113 | D        | Killed Urug
  1183 | D        | Noticed Eustachio
  1193 | D        | Killed Eustachio
  1220 | D        | Noticed an orc priest
  1220 | D        | Noticed an orc warrior
  1231 | D        | Killed an orc priest
  1241 | D        | Noticed an orc wizard
  1242 | D        | Killed an orc warrior
  1256 | D        | Noticed an orc warrior
  1257 | D        | Killed an orc wizard
  1266 | D        | Killed an orc warrior
  1324 | D        | Noticed an orc wizard
  1324 | D        | Noticed an orc high priest
  1324 | D        | Noticed an orc warrior
  1324 | D        | Noticed an orc warrior
  1324 | D        | Noticed an orc warrior
  1324 | D        | Noticed an orc warrior
  1325 | D        | Noticed an orc sorcerer
  1328 | D        | Noticed an orc knight
  1328 | D        | Killed an orc wizard
  1342 | D        | Killed an orc high priest
  1346 | D        | Noticed a sun demon
  1349 | D        | Killed an orc warrior
  1362 | D        | Killed an orc warrior
  1366 | D        | Noticed an orc knight
  1367 | D        | Noticed an orc warrior
  1369 | D        | Killed an orc sorcerer
  1370 | D        | Noticed an orc warrior
  1371 | D        | Noticed an orc warrior
  1376 | D        | Killed an orc knight
  1378 | D        | Killed an orc warrior
  1384 | D        | Killed an orc knight
  1387 | D        | Killed an orc warrior
  1393 | D        | Killed an orc warrior
  1397 | D        | Killed an orc warrior
  1402 | D        | Killed an orc warrior
  1616 | D        | Found Cacorrel's Antique Weapon Emporium.
  1616 | D        | Noticed an orc high priest
  1616 | D        | Noticed an orc high priest
  1616 | D        | Noticed an orc high priest
  1616 | D        | Noticed an orc high priest
  1616 | D        | Noticed an orc priest
  1617 | D        | Noticed an orc priest
  1619 | D        | Noticed an orc priest
  1633 | D        | Killed an orc high priest
  1634 | D        | Found Ruirynur's Armour Shoppe.
  1645 | D        | Killed an orc high priest
  1649 | D        | Noticed an orc high priest
  1655 | D        | Killed an orc high priest
  1659 | D        | Noticed an ice devil
  1661 | D        | Killed an orc high priest
  1661 | D        | Reached XP level 12. HP: 14/84 MP: 4/12
  1662 | D        | Found Kanownuenlu's Assorted Antiques.
  1666 | D        | Killed an orc priest
  1671 | D        | Killed an orc priest
  1671 | D        | HP: 3/84 [orc priest/divine providence (7)]
  1673 | D        | Killed an orc priest
  1674 | D        | Found Uqikiku's Magic Scroll Shoppe.
  1685 | D        | Slain by a blue devil

Vault maps used:
D:        linesprint

Action                   |  1- 3 |  4- 6 |  7- 9 | 10-12 || total
-------------------------+-------+-------+-------+-------++-------
Melee: Flail             |    47 |    50 |    95 |   276 ||   468
Invok: Divine Shield     |       |       |       |     2 ||     2
  Use: Potion            |       |     1 |     7 |    10 ||    18
       Scroll            |       |       |       |     1 ||     1
  Eat: Chunk             |       |       |     1 |     4 ||     5
